 Dungeon Crawl Stone Soup version 0.19-a0-1888-g6ba2374 (webtiles) character file.

178 Naow the Chopper (level 5, -4/41 HPs)
             Began as a Formicid Fighter on Oct 17, 2016.
             Killed by divine providence
             ... invoked by an orc priest
              (13 damage)
             ... on level 3 of the Dungeon.
             The game lasted 00:02:47 (2815 turns).

Naow the Chopper (Formicid Fighter)                 Turns: 2815, Time: 00:02:48

Health: -4/41      AC:  6    Str: 27    XL:     5   Next: 89%
Magic:  5/5        EV:  8    Int:  7    God:
Gold:   98         SH: 10    Dex: 10    Spells: 0 memorised, 4 levels left

rFire  . . .     SeeInvis +     a - +0 war axe
rCold  . . .     Gourm    .     b - +0 scale mail
rNeg   . . .     Faith    .     c - +0 shield
rPois  .         Spirit   .     (helmet unavailable)
rElec  .         Dismiss  .     (no cloak)
rCorr  .         Reflect  .     (no gloves)
MR     .....     Harm     .     (no boots)
Stlth  ..........               (no amulet)
                                (no ring)
                                (no ring)

@: mighty
A: permanent stasis, dig shafts and tunnels, four strong arms, antennae 3
a: Dig, Shaft Self


You were on level 3 of the Dungeon.
You were hungry.

You visited 1 branch of the dungeon, and saw 3 of its levels.

You collected 98 gold pieces.

Inventory:

Hand Weapons
 a - a +0 war axe (weapon)
Armour
 b - a +0 scale mail (worn)
 c - a +0 shield (worn)
Jewellery
 l - a cursed ring of teleportation {unknown}
Scrolls
 e - 2 scrolls of magic mapping {unknown}
 h - 4 scrolls of teleportation {unknown}
 i - a scroll of recharging {unknown}
 k - 3 scrolls of identify {unknown}
 m - a scroll of remove curse {unknown}
 o - a scroll of random uselessness {unknown}
 p - a scroll of blinking {unknown}
 q - a scroll of amnesia {unknown}
Potions
 n - a potion of agility {unknown}
Comestibles
 f - a bread ration
 j - 2 meat rations


   Skills:
 - Level 3.2 Fighting
 + Level 5.6 Axes
 - Level 3.2 Armour
 - Level 3.6 Shields


You had 4 spell levels left.
You didn't know any spells.

Dungeon Overview and Level Annotations

Branches:
Dungeon (3/15)

Altars:
Yredelemnul

Annotations:
D:3 Natasha


Innate Abilities, Weirdness & Mutations

You are under a permanent stasis effect.
You can dig through walls and to a lower floor.
Your four strong arms can wield two-handed weapons with a shield.
You have a pair of large antennae on your head. (SInv)


Message History

You block the orc's attack. x2
Things that are here:
a club; an orc corpse Unknown command.
You feel very mighty all of a sudden. The orc misses you.
The orc priest calls down the wrath of Beogh upon you.
Beogh smites you!
The orc hits you from afar with a trident!
* * * LOW HITPOINT WARNING * * *
You are too injured to fight recklessly!
You are too injured to fight recklessly!
You are too injured to fight recklessly!
You are too injured to fight recklessly!
You are too injured to fight recklessly!
You slash the orc!
You kill the orc!
The orc priest invokes the aid of Beogh against you.
Beogh smites you!
You die...

#...... #.....
#..... #...[ ..o.
.h# {#o# #)# #@#
##.####.#
........#
.......##.#
.....# #.# .....
#.##### ......
#.....#
......####.###.##
.........).###..#


You could see an orc priest, Natasha and an orc.

Vanquished Creatures
  Ijyb (D:2)
  Natasha (D:3)
  5 adders (D:2)
  2 oozes (D:2)
  7 worms (D:2)
  A dart slug (D:1)
  A leopard gecko (D:2)
  2 orcs (D:3)
  2 giant cockroaches
  8 goblins
  2 hobgoblins (D:2)
  2 jackals (D:2)
  A quokka (D:2)
  4 bats
  2 frilled lizards
  6 kobolds
  9 rats
56 creatures vanquished.

Notes
Turn   | Place    | Note
-------+----------+-------------------------------------------
     0 | D:1      | Naow the Formicid Fighter began the quest for the Orb.
     0 | D:1      | Reached XP level 1. HP: 18/18 MP: 1/1
   143 | D:1      | Reached XP level 2. HP: 24/24 MP: 2/2
   549 | D:1      | Reached skill level 3 in Axes
   854 | D:2      | Reached XP level 3. HP: 26/29 MP: 3/3
   859 | D:2      | Noticed Ijyb
   876 | D:2      | Killed Ijyb
   885 | D:2      | Reached XP level 4. HP: 24/35 MP: 4/4
   951 | D:2      | Reached skill level 4 in Axes
  1855 | D:2      | Reached XP level 5. HP: 41/41 MP: 5/5
  2049 | D:2      | Reached skill level 5 in Axes
  2646 | D:3      | Found a faded altar of an unknown god.
  2646 | D:3      | Found a faded altar of an unknown god.
  2653 | D:3      | Found a faded altar of an unknown god.
  2653 | D:3      | Noticed Natasha
  2661 | D:3      | Killed Natasha
  2662 | D:3      | Found a faded altar of an unknown god.
  2779 | D:3      | Found a basalt altar of Yredelemnul.
  2811 | D:3      | Noticed Natasha
  2815 | D:3      | Killed from afar by an orc priest

Vault maps used:
D:1:      dpeg_arrival_chambers_temple_mockup, st_stairs_13,
          hangedman_abyss_or_decor_lesser_grid
D:2:      wad_river_or_something, uniq_iyjb
D:3:      tso_metal_star, chequers_temple_overflow_minitemple, first_bread,
          elyvilon_altar_1, uniq_natasha, uniq_robin

Skill      XL: |  1  2  3  4  5 |
---------------+----------------+-----
Axes           | 3 4 5 |  5.6
Fighting       | |  3.2
Armour         | |  3.2
Shields        | |  3.6

Action                   |  1- 3 |  4- 6 || total
-------------------------+-------+-------++-------
Melee: War axe           |    51 |   191 ||   242
  Use: Potion            |       |     2 ||     2
  Eat: Chunk             |       |     6 ||     6
Armor: Scale mail        |    16 |    57 ||    73
       Skin              |       |    17 ||    17
Dodge: Dodged            |    15 |    46 ||    61
Block: Shield            |    22 |    98 ||   120
